 Dungeon Crawl Stone Soup version 0.29-a0-284-gf9362112df (webtiles) character file.

Game seed: 8843608760678322331

12 spiderkeys the Ducker (level 2, -1/16 HPs)
             Began as a Spriggan Abyssal Knight on Mar 15, 2022.
             Was a Believer of Lugonu.
             Slain by a goblin
             ... wielding a +1 dagger of venom
             ... led by Robin
              (5 damage)
             ... on level 2 of the Dungeon.
             The game lasted 00:01:27 (1248 turns).

spiderkeys the Ducker (Spriggan Abyssal Knight)     Turns: 1248, Time: 00:01:28

Health: -1/16      AC:  2    Str:  9    XL:     2   Next: 20%
Magic:  4/4        EV: 18    Int: 11    God:    Lugonu [**....]
Gold:   22         SH:  0    Dex: 15    Spells: 1/1 levels left

rFire   . . .      SeeInvis +   j - +2 dagger (speed)
rCold   . . .      Faith    .   (no shield)
rNeg    . . .      Spirit   .   b - +0 robe
rPois   .          Reflect  .   (helmet restricted)
rElec   .          Harm     .   (no cloak)
rCorr   .          Rampage  .   (gloves unavailable)
Will    .....                   (boots unavailable)
Stlth   ++........              (no amulet)
HPRegen 0.05/turn               (no ring)
MPRegen 0.09/turn               (no ring)

@: lethally poisoned (-1 -> -10), very quick
A: very small, no large weapons, unfitting armour, see invisible, speed 3
a: Renounce Religion, Depart the Abyss, Bend Space


You were on level 2 of the Dungeon.
You worshipped Lugonu.
Lugonu was pleased with you.
You visited 1 branch of the dungeon, and saw 2 of its levels.
You visited the Abyss 1 time.

You collected 22 gold pieces.


Innate Abilities, Weirdness & Mutations

You are very small and have problems with some larger weapons.
You are too small for most types of armour.
You have supernaturally acute eyesight. (SInv)
You cover ground extremely quickly. (Speed+++)


   Skills:
 + Level 2.5 Fighting
 + Level 2.5 Short Blades
 + Level 3.4 Dodging
 + Level 1.3 Stealth
 - Level 1.7 Invocations


You had one spell level left.
You didn't know any spells.
Your spell library contained the following spells:

 Spells                   Type           Power      Damage    Failure   Level
 Apportation              Tloc           0%         N/A       34%         1
 Inner Flame              Hex/Fire       0%         N/A       71%         3
 Animate Dead             Necr           0%         N/A       98%         4
 Cause Fear               Hex            0%         N/A       98%         4
 Olgreb's Toxic Radiance  Pois           0%         N/A       98%         4
 Agony                    Necr           0%         N/A       100%        5
 Alistair's Intoxication  Tmut/Pois      0%         N/A       100%        5
 Discord                  Hex            0%         N/A       100%        8

Inventory:

Hand Weapons
 a - a +1 short sword
 j - a +2 dagger of speed (weapon)
   (You took it off a goblin on level 1 of the Dungeon)
Missiles
 d - 96 stones
 e - 4 poisoned darts
 h - 5 boomerangs
Armour
 b - a +0 robe (worn)
 g - a +0 robe
   (You found it on level 1 of the Dungeon)
Scrolls
 c - a scroll of identify {unknown}
 f - a scroll of torment {unknown}
Potions
 i - a potion of ambrosia {unknown}

Dungeon Overview and Level Annotations

Branches:
Dungeon (2/15)

Altars:

Annotations:
D:2 Robin

#..... ..# #....#
.#...# #....#.#.......
#.... .......>..##
#.... ............
#####...###...........
#......g......g.......
#...>..@....#......g.g
#.......g...(......gg.
#..........)..g....g..
#.............g......g
#.......>...##g###..#.
#........†..##.#
#..........<#(..
#######.#####.##. #.
.. .#


You could see Robin, a hobgoblin (strong) and 4 goblins.


Message History

You open the door. You open the door.
There is an open door here.
There is an open door here.
There is an open door here.
Done exploring.
Done exploring.
There is a stone staircase leading down here.
You climb downwards.
Found a purple potion and a long sword.
Found an escape hatch in the floor and an escape hatch in the ceiling.
Found a stone staircase leading down.
There is a stone staircase leading up here.
There is a stone staircase leading down here.
You hit the quokka.
The quokka bites you but does no damage.
The quokka completely misses you.
You barely miss the quokka. The quokka misses you.
You hit the quokka.
You kill the quokka!
Lugonu accepts your kill.
No target in view!
No target in view!
Found a stone staircase leading down.
i - a purple potion A hobgoblin comes into view.
The hobgoblin shouts!
You hear a shout! x3
A hobgoblin is nearby!
A goblin comes into view. It is wielding a +2 dagger of speed.
Found a stone staircase leading down.
A hobgoblin comes into view.
The goblin moves out of view.
Robin and 2 goblins come into view.
Robin is wielding a +1 spear of flaming.
A goblin is wielding a +1 dagger of venom.
Robin shouts!
The goblin shouts!
You hear a shout!
A hobgoblin comes into view.
Okay, then.
The goblin shouts!
You see here a +0 long sword.
There is a stone staircase leading up here.
Throw: 6 darts (poison)
Press: ? - help, Shift-Dir - straight line, f - hobgoblin
Aim: a hobgoblin (59% to hit)
You throw a poisoned dart. The poisoned dart hits the hobgoblin.
Throw: 5 darts (poison)
Press: ? - help, Shift-Dir - straight line, f - Robin, p - hobgoblin
Aim: Robin, wielding a +1 spear of flaming, wearing a +0 animal skin and wearing a +0 helmet (67% to hit)
You throw a poisoned dart. The poisoned dart hits Robin.
Robin is poisoned.
Robin throws the goblin at you!
The goblin hits you with a +2 dagger of speed.
Robin roars a battlecry!
The goblins go into a battle-frenzy!
You hear a shout! x2
You climb upwards.
There is a stone staircase leading down here. 😕 HP[-3]
You take 3 damage, and now have 13/16 hp.
You barely miss the goblin.
The goblin hits you with a +2 dagger of speed. 😮 HP[-2]
You take 2 damage, and now have 11/16 hp.
You hit the goblin. The goblin completely misses you. The goblin misses you.
You closely miss the goblin. The goblin misses you.
You hit the goblin but do no damage. The goblin completely misses you. x2
You hit the goblin. The goblin misses you.
You barely miss the goblin. The goblin closely misses you. 😮 HP[+1]
You hit the goblin.
You kill the goblin!
Lugonu accepts your kill.
Things that are here:
a +2 dagger of speed; a goblin corpse
j - a +2 dagger of speed Your hands tingle!
j - a +2 dagger of speed (weapon)
You start resting. 😎 HP[+4]
Your hp is fully restored (16).
You swing at nothing.
There is a stone staircase leading down here.
You climb downwards.
Level annotation: Robin The goblin unwields a +0 dagger.
The goblin wields a +0 hunting sling.
The goblin shoots a sling bullet.
The sling bullet hits you. The goblin hits you but does no damage.
You are lethally poisoned!
The hobgoblin hits you but does no damage.
A goblin comes into view. It is wielding a +0 club.
Robin roars a battlecry!
The goblins go into a battle-frenzy!
You hear a shout!
There is a stone staircase leading up here. 😮 HP[-4]
You take 4 damage, and now have 12/16 hp.
MASSIVE DAMAGE!! (PAUSE)
You feel very sick. The hobgoblin hits you.
* * * LOW HITPOINT WARNING * * *
The goblin hits you with a +1 dagger of venom.
You die...

Skill      XL: |  1 |
---------------+----+-----
Stealth        | 1 |  1.3
Fighting       | |  2.5
Short Blades   | |  2.5
Dodging        | |  3.4
Invocations    | |  1.7

Action                   || total
-------------------------++-------
Melee: Short sword       ||    33
Throw: Dart              ||     2
 Stab: Sleeping          ||     1
Armor: Robe              ||     6
Dodge: Dodged            ||    22

Levels and vault maps discovered:
D:1:      psy_arrival_dodecagon, layout_basic
D:2:      layout_rooms, hellmonk_ecumenical_altar_slurped_away, uniq_natasha,
          uniq_jessica, uniq_robin, uniq_sigmund

Notes
Turn   | Place    | Note
-------+----------+-------------------------------------------
     0 | Abyss:1  | spiderkeys the Spriggan Abyssal Knight began the quest for
                  | the Orb.
     0 | Abyss:1  | Reached XP level 1. HP: 11/11 MP: 3/3
     0 | Abyss:1  | magus.rc [v1.11.3]
    15 | D:1      | You pass through the gate.
    15 | D:1      | Escaped the Abyss
   335 | D:1      | You pick up a book of Party Tricks and begin reading...
   335 | D:1      | You add the spells Apportation and Alistair's Intoxication
                  | to your library.
   421 | D:1      | You add the spells Animate Dead, Olgreb's Toxic Radiance
                  | and Agony to your library.
   421 | D:1      | Got the Compendium of Toxins and Stolen Souls
   550 | D:1      | You pick up a book of Hexes and begin reading...
   550 | D:1      | You add the spells Inner Flame, Cause Fear and Discord to
                  | your library.
   642 | D:1      | Reached skill level 1 in Stealth
   793 | D:1      | Reached XP level 2. HP: 11/16 MP: 4/4
  1144 | D:2      | Noticed Robin
  1248 | D:2      | HP: 4/16 [hobgoblin[Robin] (5)]
  1248 | D:2      | Slain by a goblin

Vanquished Creatures
  A ball python (D:1)
  2 goblins (D:1)
  2 hobgoblins (D:1)
  2 quokkas
  A frilled lizard (D:1)
  2 kobolds (D:1)
  A rat (D:1)
11 creatures vanquished.

Table legend:
 A = Non-vault XP
 B = Vault XP
 C = Vault XP percentage of total XP
 D = Non-vault monster count
 E = Vault monster count
 F = Vault count percentage of total count
                 A         B        C        D         E       F
            +---------+---------+-------+---------+---------+-------
      Total |      16 |       2 |  11.1 |      10 |       1 |   9.1
            +---------+---------+-------+---------+---------+-------
        D:1 |      14 |       2 |  12.5 |       9 |       1 |  10.0
        D:2 |       2 |       0 |   0.0 |       1 |       0 |   0.0
            +---------+---------+-------+---------+---------+-------

Illustrated notes

Table legend:
 A = Kills in this place as a percentage of kills in entire the game.
 B = Kills by you in this place as a percentage of kills by you in the entire game.
 C = Kills by friends in this place as a percentage of kills by friends in the entire game.
 D = Other kills in this place as a percentage of other kills in the entire game.
 E = Experience gained in this place as a percentage of experience gained in the entire game.
 F = Experience gained in this place divided by the number of levels of this place that you have seen.
                   A       B       C       D       E      F
               +-------+-------+-------+-------+-------+----------------------
         Total | 100.0 | 100.0 |   N/A |   N/A | 100.0 |   6.0
       Dungeon | 100.0 | 100.0 |   N/A |   N/A | 100.0 |   9.0
               +-------+-------+-------+-------+-------+----------------------

Table legend: (Time is in decaauts)
 A = Elapsed time spent in this place.
 B = Non-inter-level travel time spent in this place.
 C = Inter-level travel time spent in this place.
 D = Time resting spent in this place.
 E = Time spent auto-exploring this place.
 F = Levels seen in this place.
 G = Mean time per level.
                   A        B        C        D        E       F      G
               +--------+--------+--------+--------+--------+-----+--------+
         Total |    886 |    868 |     18 |     77 |    694 |   3 |  295.3 |
       Dungeon |    877 |    859 |     18 |     77 |    689 |   2 |  438.5 |
         Abyss |      9 |      9 |      0 |      0 |      4 |   1 |    9.0 |
               +--------+--------+--------+--------+--------+-----+--------+

Top non-repeatable levels by time:
     D:1: 856 daAuts
     D:2: 20 daAuts
 Abyss:1: 9 daAuts
